 Dungeon Crawl Stone Soup version 0.21-a0-426-g98080a9 (webtiles) character file.

16 theanonym the Magician (level 2, -1/19 HPs)
             Began as a Mummy Ice Elementalist on Nov 7, 2017.
             Slain by a worm (11 damage)
             ... on level 1 of the Dungeon.
             The game lasted 00:00:51 (784 turns).

theanonym the Magician (Mummy Ice Elementalist)      Turns: 784, Time: 00:00:52

Health: -1/19      AC:  2    Str: 11    XL:     2   Next: 37%
Magic:  0/6        EV: 12    Int: 14    God:
Gold:   48         SH:  0    Dex: 12    Spells: 6/7 levels left

rFire    x . .     SeeInvis .   e - +0 dagger
rCold    + . .     Gourm    .   (no shield)
rNeg     + + +     Faith    .   a - +0 robe
rPois    ∞         Spirit   .   (no helmet)
rElec    .         Reflect  .   (no cloak)
rCorr    .         Harm     .   (no gloves)
MR       .....                  (no boots)
Stlth    ++........             (no amulet)
HPRegen  0.06/turn              (no ring)
MPRegen  0.10/turn              (no ring)

@: very slightly contaminated
A: no food or potions, fire vulnerability, cold resistance 1, negative energy
resistance 3, torment resistance, unbreathing
a: no special abilities


Innate Abilities, Weirdness & Mutations

You do not eat or drink.
Your flesh is vulnerable to fire.
You are immune to poison.
Your flesh is cold resistant. (rC+)
You are immune to negative energy. (rN+++)
You are immune to unholy pain and torment.
You can survive without breathing.


   Skills:
 - Level 1.5 Dodging
 - Level 1.5 Stealth
 + Level 3.3 Spellcasting
   Level 0.7 Conjurations
 + Level 2.8 Ice Magic


You had 6 spell levels left.
You knew the following spells:

 Your Spells              Type           Power        Failure   Level  Hunger
a - Freeze                Ice            ##..         6%          1    N/A

Skill      XL: |  1 |
---------------+----+-----
Spellcasting   | 3 |  3.3
Dodging        | |  1.5
Stealth        | |  1.5
Conjurations   | |  0.7
Ice Magic      | |  2.8

Action                   || total
-------------------------++-------
Melee: Unarmed           ||     1
       Dagger            ||     2
 Cast: Freeze            ||    29
  Use: Scroll            ||     1
Dodge: Dodged            ||    21

Inventory:

Hand Weapons
 e - a +0 dagger (weapon)
   (You took it off a goblin on level 1 of the Dungeon)
Armour
 a - a +0 robe (worn)
Jewellery
 d - an uncursed amulet of the gourmand {unknown}
   (You found it on level 1 of the Dungeon)
Scrolls
 c - a scroll of amnesia
 f - a scroll of teleportation {unknown}
Books
 b - a book of Frost

   Spells                             Type                      Level
   a - Freeze                         Ice                          1
   b - Throw Frost                    Conjuration/Ice              2
   c - Ozocubu's Armour               Charms/Ice                   3
   d - Throw Icicle                   Conjuration/Ice              4
   e - Summon Ice Beast               Ice/Summoning                4

Dungeon Overview and Level Annotations

Branches:
Dungeon (1/15)

Altars:


You were on level 1 of the Dungeon.
You were not hungry.

You visited 1 branch of the dungeon, and saw 1 of its levels.

You collected 48 gold pieces.


Message History

f - a scroll labeled MELUT AMACSENI You now have 48 gold pieces (gained 13).
There is an open door here.
You see here 11 stones.
Key pressed, stopping explore.
No target in view!
There is a staircase leading out of the dungeon here.
You open the door.
A worm comes into view.
Found a fuming green potion and 6 gold pieces.
There is an open door here.
A worm is nearby!
You see here a fuming green potion.
Aim: a worm (resting)
You miscast Freeze.
You are very lightly contaminated with residual magic.
Nothing appears to happen.
The worm bites you!
You take 7 damage, and have 12/19 hp.
MASSIVE DAMAGE!!
You now have 5/6 mp.
You are too injured to fight recklessly!
You are too injured to fight recklessly!
You are too injured to fight recklessly!
You are too injured to fight recklessly!
You are too injured to fight recklessly!
You are too injured to fight recklessly!
Aim: a worm You freeze the worm.
The worm bites you.
You take 1 damage, and have 11/19 hp.
You now have 4/6 mp.
Aim: a worm You freeze the worm.
You now have 3/6 mp.
Aim: a worm (lightly wounded)
You freeze the worm.
* * * LOW MAGIC WARNING * * *
The worm barely misses you.
You now have 2/6 mp.
Aim: a worm (moderately wounded)
You freeze the worm.
* * * LOW MAGIC WARNING * * *
You now have 1/6 mp.
Aim: a worm (moderately wounded)
You freeze the worm.
* * * LOW MAGIC WARNING * * *
The worm barely misses you.
You now have 0/6 mp.
You don't have enough magic to cast that spell.
No previous command to re-do.
No previous command to re-do.
No previous command to re-do.
No previous command to re-do.
There is an open door here.
There is a staircase leading out of the dungeon here.
You see here 11 stones.
There is an open door here.
Your magical contamination has completely faded away.
You start resting.
Health restored: 19; MP restored: 6 The worm is too close now for your liking.
A worm is nearby!
A worm is nearby!
A worm is nearby!
A worm is nearby!
The worm misses you.
Aim: a worm You freeze the worm.
You now have 5/6 mp.
Aim: a worm (moderately wounded)
You freeze the worm. The worm closely misses you.
You now have 4/6 mp.
Aim: a worm (moderately wounded)
You miscast Freeze.
You are very lightly contaminated with residual magic.
Frost spreads across the the floor.
The worm bites you.
You take 6 damage, and have 13/19 hp.
MASSIVE DAMAGE!!
You now have 3/6 mp.
You are too injured to fight recklessly!
You are too injured to fight recklessly!
You are too injured to fight recklessly!
You are too injured to fight recklessly!
You are too injured to fight recklessly!
You are too injured to fight recklessly!
Aim: a worm (moderately wounded)
You freeze the worm.
* * * LOW MAGIC WARNING * * *
You now have 2/6 mp.
Aim: a worm (heavily wounded)
You freeze the worm.
* * * LOW MAGIC WARNING * * *
The worm bites you.
You take 3 damage, and have 10/19 hp.
You now have 1/6 mp.
Aim: a worm (severely wounded)
You freeze the worm.
* * * LOW MAGIC WARNING * * *
You now have 0/6 mp.
You don't have enough magic to cast that spell.
No previous command to re-do.
No previous command to re-do.
No previous command to re-do.
You hit the worm but do no damage. The worm barely misses you.
You hit the worm but do no damage. The worm bites you!
Ouch! That really hurt!
You die...

#........# #.## #.......##
#........# #.# #.......##
#........###.### #.......##
#..............######.......#
#........###.#......#(......#
########## #.######.#.......#
#####.######.#########
#.........##..#
#.....@...###.########
#....(.w..# #........##
#.........##########...
#...............[......
#.........#############
#.........# #.........#
#.........# #.........#


You could see a worm.

Notes
Turn   | Place    | Note
-------+----------+-------------------------------------------
     0 | D:1      | theanonym the Mummy Ice Elementalist began the quest for the Orb.
     0 | D:1      | Reached XP level 1. HP: 13/13 MP: 4/4
   189 | D:1      | Reached skill level 3 in Spellcasting
   194 | D:1      | Reached XP level 2. HP: 17/19 MP: 0/6
   784 | D:1      | Slain by a worm

Vanquished Creatures
  6 bats (D:1)
  2 goblins (D:1)
  A hobgoblin (D:1)
  4 kobolds (D:1)
  2 rats (D:1)
15 creatures vanquished.
